 Dungeon Crawl Stone Soup version 0.30-a0-782-ge64f9170bb (webtiles) character file.

Game seed: 12483834349811936925

18 mopl the Sneak (level 2, -1/19 HPs)
             Began as an Octopode Brigand on Feb 22, 2023.
             Slain by a jackal (3 damage)
             ... on level 2 of the Dungeon.
             The game lasted 00:00:40 (150 turns).

mopl the Sneak (Octopode Brigand)                    Turns: 150, Time: 00:00:41

Health: -1/19      AC:  1    Str: 10    XL:     2   Next: 66%
Magic:  2/2        EV: 12    Int: 13    God:
Gold:   7          SH:  0    Dex: 13    Spells: 1/1 levels left

rFire   . . .      SeeInvis .    a - +2 dagger
rCold   . . .      Faith    .    (no shield)
rNeg    . . .      Spirit   .    (helmet restricted)
rPois   .          Reflect  .    (no amulet)
rElec   .          Harm     .    (no ring)
rCorr   .          Rampage  .    (no ring)
Will    .....                    (no ring)
Stlth   ++++                     (no ring)
HPRegen 0.23/turn                (no ring)
MPRegen 0.08/turn                (no ring)
                                 (no ring)
                                 (no ring)

@: no status effects
A: almost no armour, amphibious, 8 rings, camouflage 1, gelatinous body 1,
(nimble swimmer 1), tentacles
a: no special abilities


You were on level 2 of the Dungeon.
You visited 1 branch of the dungeon, and saw 2 of its levels.

You collected 7 gold pieces.

Inventory:

Hand Weapons
 a - a +2 dagger (weapon)
Missiles
 b - 9 poisoned darts (quivered)
 c - 3 curare-tipped darts
Potions
 d - a potion of mutation {unknown}


   Skills:
 - Level 2.0 Fighting
 + Level 2.4 Short Blades
 + Level 2.4 Throwing
 - Level 1.0 Dodging
 + Level 5.7 Stealth


You had one spell level left.
You didn't know any spells.
Your spell library was empty.

Dungeon Overview and Level Annotations

Branches:
Dungeon (2/15)

Altars:


Innate Abilities, Weirdness & Mutations

You cannot wear most types of armour.
You are amphibious.
You can wear up to eight rings at the same time.
Your skin changes colour to match your surroundings (Stealth+).
Your rubbery body absorbs attacks. (AC +1, EV +1)
((You are camouflaged when in or above water. (Stealth+)))
You have tentacles for arms and can constrict up to eight enemies at once.


Message History

Your grab misses the giant cockroach. The giant cockroach bites you.
* * * LOW HITPOINT WARNING * * *
A jackal comes into view.
You closely miss the giant cockroach.
The jackal barks!
You grab the giant cockroach.
You constrict the giant cockroach, but do no damage.
The giant cockroach barely misses you.
You hit the giant cockroach.
You kill the giant cockroach!
The rat closely misses you.
Things that are here:
a rat corpse; a jackal corpse; a jackal corpse You closely miss the rat.
You grab the rat. You squeeze the rat.
You kill the rat!
A jackal comes into view.
You closely miss the jackal.
The jackal barks!
You grab the jackal. You constrict the jackal. The jackal bites you.
* * * LOW HITPOINT WARNING * * *
You hit the jackal. You squeeze the jackal.
You kill the jackal!
There is a stone staircase leading down here.
The jackal barely misses you.
You climb downwards.
There is a stone staircase leading up here.
You hit the jackal but do no damage. You grab the jackal.
You constrict the jackal, but do no damage.
The jackal barely misses you.
You hit the jackal.
The jackal is severely wounded.
You constrict the jackal, but do no damage.
The jackal closely misses you.
You barely miss the jackal.
The jackal is severely wounded.
You constrict the jackal, but do no damage.
The jackal bites you.
* * * LOW HITPOINT WARNING * * *
The jackal bites you.
You die...

# #. ##..
.....########
###.....h...#
.......@#
####.####


You could see a jackal.

Vanquished Creatures
  2 ball pythons (D:1)
  An endoplasm (D:1)
  A giant cockroach (D:1)
  2 goblins (D:1)
  3 jackals (D:1)
  2 quokkas (D:1)
  A bat (D:1)
  A frilled lizard (D:1)
  3 rats (D:1)
16 creatures vanquished.

Notes
Turn   | Place    | Note
-------+----------+-------------------------------------------
     0 | D:1      | mopl the Octopode Brigand began the quest for the Orb.
     0 | D:1      | Reached XP level 1. HP: 14/14 MP: 1/1
    71 | D:1      | Reached XP level 2. HP: 19/19 MP: 2/2
   150 | D:2      | Slain by a jackal

Illustrated notes

Levels and vault maps discovered:
D:1:      spicycebolla_arrival_risky_transporter, layout_rooms,
          grunt_decor_fettered, minmay_pentomino_p2
D:2:      layout_basic

Action                     || total
---------------------------++-------
  Melee: Dagger            ||    34
         Constrict         ||     6
         Tentacles         ||     3
   Stab: Sleeping          ||     3
 Armour: Skin              ||     1
  Dodge: Dodged            ||    13

Table legend: (Time is in decaauts)
 A = Elapsed time spent in this place.
 B = Non-inter-level travel time spent in this place.
 C = Inter-level travel time spent in this place.
 D = Time resting spent in this place.
 E = Time spent auto-exploring this place.
 F = Levels seen in this place.
 G = Mean time per level.
                   A        B        C        D        E       F      G
               +--------+--------+--------+--------+--------+-----+--------+
         Total |    145 |    145 |      0 |      0 |     65 |   2 |   72.5 |
       Dungeon |    145 |    145 |      0 |      0 |     65 |   2 |   72.5 |
               +--------+--------+--------+--------+--------+-----+--------+

Top non-repeatable levels by time:
     D:1: 143 daAuts
     D:2: 2 daAuts
